Canadiens vs Bruins
Created - 29 novembre 2013 at 19:09
Goals
|
| Canadiens |
3 |
3 |
3 |
9 |
| Bruins |
1 |
1 |
0 |
2 |
|
Shots
|
| Canadiens |
10 |
12 |
14 |
36 |
| Bruins |
11 |
6 |
9 |
26 |
|
1st period
1. Canadiens , Viktor Kozlov 11 (Ryan Bayda) at 4:56
2. Bruins , Wojtek Wolski 15 (Eric Lindros, Ryan O'Byrne) at 6:53
3. Canadiens , Jeff Woywitka 3 (Radim Vrbata, Tyler Arnason) at 8:25
4. Canadiens , Tomas Plekanec 9 (Patrick Marleau, Kari Lehtonen) at 10:29 (PP)
Penalties :
Éric Perrin (Bos) for Tripping (Minor) at 1:17, Tomas Plekanec (Mon) for Tripping (Minor) at 1:17, Michal Grosek (Bos) for Hooking (Minor) at 10:19, Scott Hartnell (Bos) for Tripping (Minor) at 11:10
2nd period
5. Canadiens , Viktor Kozlov 12 (Nicklas Lidstrom) at 0:33
6. Bruins , Martin Erat 3 (Scott Hartnell) at 8:31 (SH)
7. Canadiens , Viktor Kozlov 13 (Patrick Marleau, Éric Desjardins) at 10:25
8. Canadiens , Marek Svatos 11 (Viktor Kozlov, Nicklas Lidstrom) at 15:09 (PP)
Penalties :
Michal Grosek (Bos) for Hooking (Minor) at 3:40, Wojtek Wolski (Bos) for Holding (Minor) at 4:22, Tomas Plekanec (Mon) for Goalie Interference (Minor) at 4:22, Daniel Briere (Bos) for Holding (Minor) at 7:54, Michal Grosek (Bos) for Hooking (Minor) at 10:11, Chris Dingman (Mon) for Interference (Minor) at 10:11, Eric Lindros (Bos) for Slashing (Minor) at 13:21, Patric Hornqvist (Mon) for Goalie Interference (Minor) at 15:18
3rd period
9. Canadiens , Tyler Arnason 7 (Ryan Bayda, Radim Vrbata) at 0:55
10. Canadiens , Michel Ouellet 8 (Marek Svatos) at 3:48 (SH)
11. Canadiens , Patric Hornqvist 7 (Patrick Marleau, Tomas Plekanec) at 5:56
Penalties :
Tomas Plekanec (Mon) for High sticking (Minor) at 1:51, Eric Lindros (Bos) for Fighting (Major) at 13:14, Patric Hornqvist (Mon) for Fighting (Major) at 13:14, Eric Lindros (Bos) for instigated a fight (Minor) at 13:14, Eric Lindros (Bos) for instigated a fight (10 Minutes Misconduct) at 13:14, Zdeno Chara (Bos) for Hooking (Minor) at 18:11
Goalie Stats
Kari Lehtonen (Mon), 24 saves from 26 shots - (0,923), W, 9-4-0, 60:00 minutes
Dan Cloutier (Bos), 9 saves from 13 shots - (0,692), 23:15 minutes
Evgeni Nabokov (Bos), 18 saves from 23 shots - (0,783), L, 13-4-0, 36:45 minutes
Players Stats for Canadiens
Player Name G A P +/- PIM S H SB GA TA FO MP PP MP PK MP
------------------------------------------------------------------------------------
Chris Dingman 0 0 0 -1 2 2 0 0 0 0 0/0 8:44 0:13 0:56
Éric Desjardins 0 1 1 2 0 1 1 2 1 3 0/0 27:13 6:02 2:33
Jamie Lundmark 0 0 0 -1 0 1 0 1 0 0 3/3 8:28 0:00 1:25
Jeff Woywitka 1 0 1 3 0 2 1 1 0 1 0/0 21:34 4:23 1:25
Marek Svatos 1 1 2 2 0 2 0 0 2 0 3/4 17:59 4:38 1:17
Matt Carle 0 0 0 -1 0 0 1 0 0 0 0/0 17:42 6:02 0:00
Michel Ouellet 1 0 1 0 0 1 1 0 0 0 0/1 10:45 0:00 2:17
Mike York 0 0 0 2 0 7 2 0 0 0 0/1 16:11 1:25 0:18
Nicklas Lidstrom 0 2 2 3 0 1 1 2 0 0 0/0 24:02 4:23 0:00
Ossi Vaananen 0 0 0 0 0 0 1 2 0 0 0/0 16:03 0:00 2:33
Patric Hornqvist 1 0 1 1 7 2 0 0 0 0 2/2 15:01 4:09 0:00
Patrick Marleau 0 3 3 2 0 0 1 0 0 0 0/1 20:20 5:47 0:00
Radim Vrbata 0 2 2 2 0 2 0 0 0 0 0/1 9:55 0:00 0:16
Ryan Bayda 0 2 2 1 0 2 3 0 0 0 0/1 14:34 4:38 0:00
Tomas Plekanec 1 1 2 1 6 4 2 1 0 2 7/24 20:05 5:46 1:18
Tyler Arnason 1 1 2 2 0 1 2 1 0 0 1/3 8:05 0:00 0:09
Tyler Sloan 0 0 0 3 0 0 0 1 0 1 0/0 13:26 0:00 1:25
Viktor Kozlov 3 1 4 2 0 8 1 0 0 1 7/23 19:52 4:38 0:00
Players Stats for Bruins
Player Name G A P +/- PIM S H SB GA TA FO MP PP MP PK MP
------------------------------------------------------------------------------------
Andrew Alberts 0 0 0 -4 0 3 0 0 0 2 0/0 28:37 2:38 7:32
Christoph Schubert 0 0 0 -1 0 0 1 1 0 0 0/0 19:08 1:20 4:10
Daniel Briere 0 0 0 1 2 5 1 0 0 0 3/4 18:00 2:07 1:42
Dave Bolland 0 0 0 0 0 1 1 0 0 0 0/0 7:08 0:00 2:38
Eric Lindros 0 1 1 0 19 5 3 0 1 0 20/33 23:42 2:07 4:15
Éric Perrin 0 0 0 -3 2 0 1 0 0 0 1/1 10:00 0:00 0:00
Jeff Carter 0 0 0 -3 0 3 0 1 1 0 7/12 14:20 1:51 0:00
Mark Stuart 0 0 0 0 0 0 0 0 0 0 0/0 10:22 0:00 1:09
Martin Erat 1 0 1 1 0 2 0 0 0 0 5/6 9:42 0:00 4:14
Michal Grosek 0 0 0 -3 6 0 1 1 1 0 0/1 12:48 0:00 1:27
Richard Lintner 0 0 0 0 0 0 1 2 0 0 0/0 9:13 0:00 0:00
Ryan O'Byrne 0 1 1 -1 0 0 2 4 0 0 0/0 19:02 1:20 4:10
Scott Hartnell 0 1 1 -2 2 1 2 0 0 0 1/1 17:00 1:51 1:17
Tom Gilbert 0 0 0 0 0 0 1 0 0 0 0/0 3:27 0:00 0:17
Victor Oreskovich 0 0 0 -3 0 0 2 0 2 0 0/1 14:20 1:51 0:00
Vitali Yachmenev 0 0 0 -3 0 0 2 0 1 0 1/1 11:19 0:00 0:00
Wojtek Wolski 1 0 1 0 2 2 1 1 1 1 3/4 24:20 2:07 7:00
Zdeno Chara 0 0 0 -4 2 4 4 5 1 0 0/0 30:10 2:38 6:06
3 Stars
1 - Viktor Kozlov (Mon)
2 - Tyler Arnason (Mon)
3 - Patrick Marleau (Mon)
Power Play
Canadiens - 2 on 7 Attempt(s) - 28,57%
Bruins - 0 on 2 Attempt(s) - 0,00%
Penalty Kill
Canadiens - 2 on 2 Attempt(s) - 100,00%
- Score 1 goal in Penalty Kill
Bruins - 5 on 7 Attempt(s) - 71,43%
- Score 1 goal in Penalty Kill
Official
Referees : Walsh Ian and McCauley Wes
Linesman : Derek Nansen and Dan Schachte
Game Notes
Dan Cloutier enters game at 0:33 of 2nd period
Viktor Kozlov has scored a Hat Trick!
Evgeni Nabokov enters game at 3:48 of 3rd period
Eric Lindros and Patric Hornqvist fight to a draw at 13:14 of 3rd period
Finance
Level 1 -- Attendance: 4399 (73,32%) -- Ticket Income 435 501 $
Level 2 -- Attendance: 3315 (66,30%) -- Ticket Income 195 585 $
Level 3 -- Attendance: 1957 (97,85%) -- Ticket Income 56 753 $
Level 4 -- Attendance: 3887 (97,18%) -- Ticket Income 73 853 $
Luxury Box -- Attendance: 671 (67,10%) -- Ticket Income 126 819 $
Game was played at the TD Banknorth Garden
Total Attendance: 14229 (79,05%)
Total Ticket Income: 888 511 $
Other Income: 133 277 $
Total Income: 1 021 788 $
Canadiens
5 vs 5 Forward
Center Left Wing Right Wing Time % Phy DF OF
1 Viktor Kozlov Mike York Marek Svatos 40 1 2 2
2 Tomas Plekanec Patrick Marleau Patric Hornqvist 30 1 1 3
3 Tyler Arnason Ryan Bayda Radim Vrbata 20 1 2 2
4 Jamie Lundmark Chris Dingman Michel Ouellet 10 2 2 1
5 vs 5 Defense
Defense Defense Time % Phy DF OF
1 Nicklas Lidstrom Éric Desjardins 40 1 3 1
2 Tyler Sloan Jeff Woywitka 30 1 3 1
3 Ossi Vaananen Matt Carle 25 0 4 1
4 Jeff Woywitka Éric Desjardins 5 1 4 0
PowerPlay Forward
Center Left Wing Right Wing Time % Phy DF OF
1 Tomas Plekanec Patrick Marleau Patric Hornqvist 60 1 1 3
2 Viktor Kozlov Ryan Bayda Marek Svatos 40 1 1 3
PowerPlay Defense
Defense Defense Time % Phy DF OF
1 Matt Carle Éric Desjardins 60 1 2 2
2 Nicklas Lidstrom Jeff Woywitka 40 1 2 2
Penalty Kill 4 Players Forward
Center Wing Time % Phy DF OF
1 Tomas Plekanec Michel Ouellet 60 1 3 1
2 Jamie Lundmark Radim Vrbata 40 1 3 1
Penalty Kill 4 Players Defense
Defense Defense Time % Phy DF OF
1 Ossi Vaananen Éric Desjardins 60 0 5 0
2 Tyler Sloan Jeff Woywitka 40 1 4 0
Penalty Kill - 3 Players Forward
Forward Time % Phy DF OF
1 Tomas Plekanec 60 0 4 1
2 Jamie Lundmark 40 1 3 1
Penalty Kill - 3 Players Defense
Defense Defense Time % Phy DF OF
1 Ossi Vaananen Éric Desjardins 60 0 5 0
2 Tyler Sloan Jeff Woywitka 40 1 3 1
4 vs 4 Forward
Center Wing Time % Phy DF OF
1 Viktor Kozlov Patrick Marleau 60 0 2 3
2 Tomas Plekanec Mike York 40 1 2 2
4 vs 4 Defense
Defense Defense Time % Phy DF OF
1 Nicklas Lidstrom Éric Desjardins 60 1 3 1
2 Jeff Woywitka Ossi Vaananen 40 1 3 1
Last Minutes Offensive
Center Left Wing Right Wing Defense Defense
Tomas Plekanec Patrick Marleau Marek Svatos Nicklas Lidstrom Éric Desjardins
Last Minutes Defensive
Center Left Wing Right Wing Defense Defense
Viktor Kozlov Patrick Marleau Marek Svatos Jeff Woywitka Éric Desjardins
Goaltenders
Starting : Kari Lehtonen
Backup : Mikael Tellqvist
Extra Forwards
Normal : Radim Vrbata, Ryan Bayda, Michel Ouellet - PP : Mike York, Chris Dingman - PK : Marek Svatos
Extra Defensemen
Normal : Ossi Vaananen, Tyler Sloan, Matt Carle - PP : Matt Carle - PK : Nicklas Lidstrom, Matt Carle
Penalty Shots
Patrick Marleau, Tomas Plekanec, Nicklas Lidstrom, Marek Svatos, Viktor Kozlov
Bruins
5 vs 5 Forward
Center Left Wing Right Wing Time % Phy DF OF
1 Eric Lindros Wojtek Wolski Daniel Briere 40 1 2 2
2 Jeff Carter Scott Hartnell Victor Oreskovich 30 1 2 2
3 Éric Perrin Michal Grosek Vitali Yachmenev 20 1 2 2
4 Dave Bolland Eric Lindros Martin Erat 10 1 2 2
5 vs 5 Defense
Defense Defense Time % Phy DF OF
1 Zdeno Chara Andrew Alberts 40 1 2 2
2 Ryan O'Byrne Christoph Schubert 30 1 2 2
3 Richard Lintner Mark Stuart 20 1 2 2
4 Tom Gilbert Zdeno Chara 10 1 2 2
PowerPlay Forward
Center Left Wing Right Wing Time % Phy DF OF
1 Eric Lindros Wojtek Wolski Daniel Briere 60 1 2 2
2 Jeff Carter Scott Hartnell Victor Oreskovich 40 1 2 2
PowerPlay Defense
Defense Defense Time % Phy DF OF
1 Zdeno Chara Andrew Alberts 60 1 2 2
2 Ryan O'Byrne Christoph Schubert 40 1 2 2
Penalty Kill 4 Players Forward
Center Wing Time % Phy DF OF
1 Eric Lindros Wojtek Wolski 60 1 2 2
2 Daniel Briere Scott Hartnell 40 1 2 2
Penalty Kill 4 Players Defense
Defense Defense Time % Phy DF OF
1 Zdeno Chara Andrew Alberts 60 1 2 2
2 Ryan O'Byrne Christoph Schubert 40 1 2 2
Penalty Kill - 3 Players Forward
Forward Time % Phy DF OF
1 Eric Lindros 60 1 2 2
2 Wojtek Wolski 40 1 2 2
Penalty Kill - 3 Players Defense
Defense Defense Time % Phy DF OF
1 Zdeno Chara Andrew Alberts 60 1 2 2
2 Ryan O'Byrne Christoph Schubert 40 1 2 2
4 vs 4 Forward
Center Wing Time % Phy DF OF
1 Eric Lindros Wojtek Wolski 60 1 2 2
2 Daniel Briere Scott Hartnell 40 1 2 2
4 vs 4 Defense
Defense Defense Time % Phy DF OF
1 Zdeno Chara Andrew Alberts 60 1 2 2
2 Ryan O'Byrne Christoph Schubert 40 1 2 2
Last Minutes Offensive
Center Left Wing Right Wing Defense Defense
Eric Lindros Wojtek Wolski Daniel Briere Zdeno Chara Andrew Alberts
Last Minutes Defensive
Center Left Wing Right Wing Defense Defense
Eric Lindros Wojtek Wolski Daniel Briere Zdeno Chara Andrew Alberts
Goaltenders
Starting : Evgeni Nabokov
Backup : Dan Cloutier
Extra Forwards
Normal : Vitali Yachmenev, Michal Grosek, Martin Erat - PP : Vitali Yachmenev, Michal Grosek - PK : Martin Erat
Extra Defensemen
Normal : Richard Lintner, Mark Stuart, Tom Gilbert - PP : Richard Lintner - PK : Mark Stuart, Tom Gilbert
Penalty Shots
Eric Lindros, Wojtek Wolski, Daniel Briere, Scott Hartnell, Jeff Carter
% Time on Ice - Canadiens
Lines # - Real PCT - Wanted PCT - Time Play
Normal Forward
1 - 33% - 40% - 12:58
2 - 30% - 30% - 11:43
3 - 20% - 20% - 7:56
4 - 18% - 10% - 7:03
Normal Defense
1 - 40% - 40% - 15:59
2 - 34% - 30% - 13:20
3 - 26% - 25% - 10:21
4 - 0% - 5% - 0:00
PP Forward
1 - 56% - 60% - 5:47
2 - 44% - 40% - 4:38
PP Defense
1 - 58% - 60% - 6:02
2 - 42% - 40% - 4:23
PK Forward
1 - 93% - 60% - 3:42
2 - 7% - 40% - 0:16
PK Defense
1 - 64% - 60% - 2:33
2 - 36% - 40% - 1:25
PK3 Forward
1 - 0% - 60%
2 - 0% - 40%
PK3 Defense
1 - 0% - 60%
2 - 0% - 40%
44 Forward
1 - 65% - 60% - 3:52
2 - 35% - 40% - 2:05
44 Defense
1 - 59% - 60% - 3:31
2 - 41% - 40% - 2:26
Last Minute Offensive - 0:00
Last Minute Defensive - 0:00
Total
Forward - 60:00
Defense - 60:00
|
% Time on Ice - Bruins
Lines # - Real PCT - Wanted PCT - Time Play
Normal Forward
1 - 36% - 40% - 14:09
2 - 32% - 30% - 12:32
3 - 23% - 20% - 9:01
4 - 10% - 10% - 3:58
Normal Defense
1 - 38% - 40% - 15:12
2 - 30% - 30% - 12:05
3 - 23% - 20% - 9:13
4 - 8% - 10% - 3:10
PP Forward
1 - 53% - 60% - 2:07
2 - 47% - 40% - 1:51
PP Defense
1 - 66% - 60% - 2:38
2 - 34% - 40% - 1:20
PK Forward
1 - 81% - 60% - 8:28
2 - 19% - 40% - 1:57
PK Defense
1 - 65% - 60% - 6:48
2 - 35% - 40% - 3:37
PK3 Forward
1 - 65% - 60% - 0:50
2 - 35% - 40% - 0:27
PK3 Defense
1 - 57% - 60% - 0:44
2 - 43% - 40% - 0:33
44 Forward
1 - 70% - 60% - 3:16
2 - 30% - 40% - 1:24
44 Defense
1 - 69% - 60% - 3:13
2 - 31% - 40% - 1:27
Last Minute Offensive - 0:00
Last Minute Defensive - 0:00
Total
Forward - 60:00
Defense - 60:00
|
Play by Play
1st period
0:01 of 1st period - Eric Lindros wins face-off versus Viktor Kozlov in neutral zone.
0:07 of 1st period - Slapshot by Zdeno Chara.
0:07 of 1st period - Shot Blocked by Éric Desjardins.
0:11 of 1st period - Wrist shot by Eric Lindros.
0:11 of 1st period - Shot Misses the Net.
0:13 of 1st period - Slapshot by Andrew Alberts.
0:13 of 1st period - Shot Blocked by Éric Desjardins.
0:17 of 1st period - Snap shot by Eric Lindros.
0:17 of 1st period - Stopped by Kari Lehtonen without a rebound.
0:18 of 1st period - Jeff Carter wins face-off versus Tomas Plekanec in Canadiens zone.
0:43 of 1st period - Jeff Woywitka is hit by Ryan O'Byrne and loses puck.
0:50 of 1st period - Wrist shot by Martin Erat.
0:50 of 1st period - Deflect By Jeff Woywitka.
0:50 of 1st period - Stopped by Kari Lehtonen with a rebound.
1:17 of 1st period - Minor Penalty to Éric Perrin for Tripping.
1:17 of 1st period - Minor Penalty to Tomas Plekanec for Tripping.
1:18 of 1st period - Eric Lindros wins face-off versus Viktor Kozlov in Canadiens zone.
1:28 of 1st period - Icing by Patrick Marleau.
1:29 of 1st period - Eric Lindros wins face-off versus Viktor Kozlov in Canadiens zone.
1:42 of 1st period - Slapshot by Eric Lindros.
1:42 of 1st period - Stopped by Kari Lehtonen with a rebound.
1:44 of 1st period - Wrist shot by Zdeno Chara.
1:44 of 1st period - Shot Misses the Net.
2:18 of 1st period - Wrist shot by Eric Lindros.
2:18 of 1st period - Shot Misses the Net.
3:17 of 1st period - Penalty to Éric Perrin is over, Éric Perrin is back on ice.
3:17 of 1st period - Penalty to Tomas Plekanec is over, Tomas Plekanec is back on ice.
3:51 of 1st period - Vitali Yachmenev is hit by Michel Ouellet and loses puck.
3:58 of 1st period - Wrist shot by Ryan Bayda.
3:58 of 1st period - Stopped by Evgeni Nabokov without a rebound.
3:59 of 1st period - Jeff Carter wins face-off versus Viktor Kozlov in Bruins zone.
4:10 of 1st period - Snap shot by Scott Hartnell.
4:10 of 1st period - Deflect By Jeff Carter.
4:10 of 1st period - Stopped by Kari Lehtonen with a rebound.
4:22 of 1st period - Wrist shot by Eric Lindros.
4:22 of 1st period - Shot Misses the Net.
4:24 of 1st period - Slapshot by Wojtek Wolski.
4:24 of 1st period - Shot Misses the Net.
4:26 of 1st period - Wrist shot by Daniel Briere.
4:26 of 1st period - Shot Blocked by Jamie Lundmark.
4:56 of 1st period - Wrist shot by Viktor Kozlov.
4:56 of 1st period - Goal by Viktor Kozlov - Canadiens : 1 - Bruins : 0.
4:57 of 1st period - Jeff Carter wins face-off versus Mike York in neutral zone.
5:22 of 1st period - Andrew Alberts is hit by Tyler Arnason.
5:30 of 1st period - Wrist shot by Eric Lindros.
5:30 of 1st period - Shot Blocked by Tyler Arnason.
5:32 of 1st period - Snap shot by Eric Lindros.
5:32 of 1st period - Shot Misses the Net.
6:10 of 1st period - Éric Perrin is hit by Mike York and loses puck.
6:53 of 1st period - Snap shot by Wojtek Wolski.
6:53 of 1st period - Goal by Wojtek Wolski - Canadiens : 1 - Bruins : 1.
6:54 of 1st period - Jeff Carter wins face-off versus Radim Vrbata in neutral zone.
7:19 of 1st period - Mike York is hit by Zdeno Chara and loses puck.
7:26 of 1st period - Snap shot by Daniel Briere.
7:26 of 1st period - Stopped by Kari Lehtonen with a rebound.
7:58 of 1st period - Slapshot by Chris Dingman.
7:58 of 1st period - Shot Misses the Net.
8:04 of 1st period - Jeff Woywitka is hit by Tom Gilbert and loses puck.
8:21 of 1st period - Wrist shot by Tyler Arnason.
8:21 of 1st period - Shot Misses the Net.
8:23 of 1st period - Snap shot by Radim Vrbata.
8:23 of 1st period - Stopped by Evgeni Nabokov with a rebound.
8:25 of 1st period - Slapshot by Jeff Woywitka.
8:25 of 1st period - Goal by Jeff Woywitka - Canadiens : 2 - Bruins : 1.
8:26 of 1st period - Eric Lindros wins face-off versus Viktor Kozlov in neutral zone.
8:30 of 1st period - Icing by Nicklas Lidstrom.
8:31 of 1st period - Viktor Kozlov wins face-off versus Eric Lindros in Canadiens zone.
10:18 of 1st period - Ossi Vaananen is hit by Vitali Yachmenev.
10:19 of 1st period - Minor Penalty to Michal Grosek for Hooking.
10:20 of 1st period - Eric Lindros wins face-off versus Tomas Plekanec in Bruins zone.
10:29 of 1st period - Wrist shot by Tomas Plekanec.
10:29 of 1st period - Goal by Tomas Plekanec - Canadiens : 3 - Bruins : 1.
10:30 of 1st period - Wojtek Wolski wins face-off versus Marek Svatos in neutral zone.
10:33 of 1st period - Wrist shot by Daniel Briere.
10:33 of 1st period - Stopped by Kari Lehtonen with a rebound.
10:35 of 1st period - Snap shot by Andrew Alberts.
10:35 of 1st period - Deflect By Viktor Kozlov.
10:35 of 1st period - Stopped by Kari Lehtonen without a rebound.
10:36 of 1st period - Eric Lindros wins face-off versus Viktor Kozlov in Canadiens zone.
10:49 of 1st period - Snap shot by Eric Lindros.
10:49 of 1st period - Stopped by Kari Lehtonen with a rebound.
10:51 of 1st period - Snap shot by Wojtek Wolski.
10:51 of 1st period - Shot Misses the Net.
10:53 of 1st period - Snap shot by Eric Lindros.
10:53 of 1st period - Shot Misses the Net.
11:10 of 1st period - Minor Penalty to Scott Hartnell for Tripping.
11:11 of 1st period - Eric Lindros wins face-off versus Tomas Plekanec in Bruins zone.
11:18 of 1st period - Snap shot by Eric Lindros.
11:18 of 1st period - Shot Blocked by Tomas Plekanec.
12:11 of 1st period - Icing by Nicklas Lidstrom.
12:12 of 1st period - Daniel Briere wins face-off versus Patrick Marleau in Canadiens zone.
12:15 of 1st period - Snap shot by Daniel Briere.
12:15 of 1st period - Stopped by Kari Lehtonen without a rebound.
12:16 of 1st period - Patric Hornqvist wins face-off versus Daniel Briere in Canadiens zone.
13:10 of 1st period - Penalty to Scott Hartnell is over, Scott Hartnell is back on ice.
13:36 of 1st period - Snap shot by Ryan Bayda.
13:36 of 1st period - Shot Misses the Net.
13:38 of 1st period - Slapshot by Jeff Woywitka.
13:38 of 1st period - Shot Blocked by Zdeno Chara.
13:40 of 1st period - Slapshot by Nicklas Lidstrom.
13:40 of 1st period - Shot Blocked by Zdeno Chara.
13:53 of 1st period - Slapshot by Marek Svatos.
13:53 of 1st period - Shot Blocked by Zdeno Chara.
13:57 of 1st period - Snap shot by Viktor Kozlov.
13:57 of 1st period - Stopped by Evgeni Nabokov with a rebound.
13:59 of 1st period - Snap shot by Matt Carle.
13:59 of 1st period - Deflect By Mike York.
13:59 of 1st period - Stopped by Evgeni Nabokov without a rebound.
14:00 of 1st period - Scott Hartnell wins face-off versus Tomas Plekanec in Bruins zone.
14:04 of 1st period - Off-side.
14:05 of 1st period - Tomas Plekanec wins face-off versus Jeff Carter in neutral zone.
14:37 of 1st period - Snap shot by Marek Svatos.
14:37 of 1st period - Shot Misses the Net.
14:39 of 1st period - Slapshot by Mike York.
14:39 of 1st period - Stopped by Evgeni Nabokov without a rebound.
14:40 of 1st period - Eric Lindros wins face-off versus Viktor Kozlov in Bruins zone.
14:47 of 1st period - Wrist shot by Eric Lindros.
14:47 of 1st period - Shot Blocked by Nicklas Lidstrom.
14:53 of 1st period - Snap shot by Mike York.
14:53 of 1st period - Stopped by Evgeni Nabokov with a rebound.
14:55 of 1st period - Snap shot by Marek Svatos.
14:55 of 1st period - Stopped by Evgeni Nabokov with a rebound.
16:27 of 1st period - Tyler Sloan is hit by Ryan O'Byrne and loses puck.
16:52 of 1st period - Ryan Bayda is hit by Eric Lindros and loses puck.
17:03 of 1st period - Snap shot by Marek Svatos.
17:03 of 1st period - Shot Misses the Net.
17:05 of 1st period - Slapshot by Jeff Woywitka.
17:05 of 1st period - Deflect By Marek Svatos.
17:05 of 1st period - Shot Misses the Net.
17:05 of 1st period - Puck is out of play.
17:06 of 1st period - Jeff Carter wins face-off versus Viktor Kozlov in Bruins zone.
17:11 of 1st period - Nicklas Lidstrom is hit by Scott Hartnell.
17:17 of 1st period - Snap shot by Mike York.
17:17 of 1st period - Shot Blocked by Ryan O'Byrne.
17:28 of 1st period - Icing by Ryan O'Byrne.
17:29 of 1st period - Tomas Plekanec wins face-off versus Wojtek Wolski in Bruins zone.
17:42 of 1st period - Wrist shot by Daniel Briere.
17:42 of 1st period - Stopped by Kari Lehtonen with a rebound.
18:07 of 1st period - Icing by Matt Carle.
18:08 of 1st period - Viktor Kozlov wins face-off versus Eric Lindros in Canadiens zone.
18:34 of 1st period - Mike York is hit by Zdeno Chara and loses puck.
18:43 of 1st period - Wrist shot by Viktor Kozlov.
18:43 of 1st period - Shot Blocked by Christoph Schubert.
19:39 of 1st period - Snap shot by Patrick Marleau.
19:39 of 1st period - Shot Blocked by Zdeno Chara.
19:55 of 1st period - Radim Vrbata is hit by Zdeno Chara and loses puck.
2nd period
0:01 of 2nd period - Tomas Plekanec wins face-off versus Eric Lindros in neutral zone.
0:33 of 2nd period - Snap shot by Viktor Kozlov.
0:33 of 2nd period - Goal by Viktor Kozlov - Canadiens : 4 - Bruins : 1.
0:33 of 2nd period - Dan Cloutier enters game.
0:34 of 2nd period - Viktor Kozlov wins face-off versus Eric Lindros in neutral zone.
0:37 of 2nd period - Slapshot by Nicklas Lidstrom.
0:37 of 2nd period - Stopped by Dan Cloutier without a rebound.
0:38 of 2nd period - Viktor Kozlov wins face-off versus Eric Lindros in Bruins zone.
0:51 of 2nd period - Snap shot by Mike York.
0:51 of 2nd period - Stopped by Dan Cloutier without a rebound.
0:52 of 2nd period - Eric Lindros wins face-off versus Tomas Plekanec in Bruins zone.
0:56 of 2nd period - Icing by Zdeno Chara.
0:57 of 2nd period - Eric Lindros wins face-off versus Tomas Plekanec in Bruins zone.
1:22 of 2nd period - Mike York is hit by Scott Hartnell and loses puck.
1:49 of 2nd period - Snap shot by Ryan Bayda.
1:49 of 2nd period - Deflect By Radim Vrbata.
1:49 of 2nd period - Shot Misses the Net.
1:49 of 2nd period - Puck is out of play.
1:50 of 2nd period - Tomas Plekanec wins face-off versus Eric Lindros in Bruins zone.
2:01 of 2nd period - Wrist shot by Eric Lindros.
2:01 of 2nd period - Stopped by Kari Lehtonen without a rebound.
2:02 of 2nd period - Eric Lindros wins face-off versus Ryan Bayda in Canadiens zone.
2:42 of 2nd period - Slapshot by Scott Hartnell.
2:42 of 2nd period - Shot Blocked by Tyler Sloan.
2:58 of 2nd period - Wrist shot by Jamie Lundmark.
2:58 of 2nd period - Stopped by Dan Cloutier with a rebound.
3:02 of 2nd period - Backhand shot by Nicklas Lidstrom.
3:02 of 2nd period - Deflect By Chris Dingman.
3:02 of 2nd period - Shot Misses the Net.
3:02 of 2nd period - Puck is out of play.
3:03 of 2nd period - Jamie Lundmark wins face-off versus Eric Lindros in Bruins zone.
3:35 of 2nd period - Slapshot by Andrew Alberts.
3:35 of 2nd period - Shot Misses the Net.
3:40 of 2nd period - Minor Penalty to Michal Grosek for Hooking.
3:41 of 2nd period - Patric Hornqvist wins face-off versus Eric Lindros in Bruins zone.
4:06 of 2nd period - Andrew Alberts is hit by Matt Carle and loses puck.
4:22 of 2nd period - Minor Penalty to Wojtek Wolski for Holding.
4:22 of 2nd period - Minor Penalty to Tomas Plekanec for Goalie Interference.
4:23 of 2nd period - Eric Lindros wins face-off versus Viktor Kozlov in Bruins zone.
5:40 of 2nd period - Penalty to Michal Grosek is over, Michal Grosek is back on ice.
6:22 of 2nd period - Penalty to Wojtek Wolski is over, Wojtek Wolski is back on ice.
6:22 of 2nd period - Penalty to Tomas Plekanec is over, Tomas Plekanec is back on ice.
7:10 of 2nd period - Wrist shot by Chris Dingman.
7:10 of 2nd period - Stopped by Dan Cloutier with a rebound.
7:22 of 2nd period - Marek Svatos is hit by Vitali Yachmenev and loses puck.
7:40 of 2nd period - Zdeno Chara is hit by Ryan Bayda and loses puck.
7:54 of 2nd period - Minor Penalty to Daniel Briere for Holding.
7:55 of 2nd period - Eric Lindros wins face-off versus Tomas Plekanec in Bruins zone.
8:22 of 2nd period - Slapshot by Zdeno Chara.
8:22 of 2nd period - Stopped by Kari Lehtonen with a rebound.
8:25 of 2nd period - Icing by Matt Carle.
8:26 of 2nd period - Martin Erat wins face-off versus Viktor Kozlov in Canadiens zone.
8:31 of 2nd period - Wrist shot by Martin Erat.
8:31 of 2nd period - Goal by Martin Erat - Canadiens : 4 - Bruins : 2.
8:32 of 2nd period - Tomas Plekanec wins face-off versus Eric Lindros in neutral zone.
8:35 of 2nd period - Snap shot by Éric Desjardins.
8:35 of 2nd period - Shot Misses the Net.
8:59 of 2nd period - Wojtek Wolski is hit by Viktor Kozlov.
9:25 of 2nd period - Eric Lindros is hit by Tomas Plekanec.
9:54 of 2nd period - Penalty to Daniel Briere is over, Daniel Briere is back on ice.
10:02 of 2nd period - Matt Carle is hit by Éric Perrin.
10:11 of 2nd period - Minor Penalty to Michal Grosek for Hooking.
10:11 of 2nd period - Minor Penalty to Chris Dingman for Interference.
10:12 of 2nd period - Eric Lindros wins face-off versus Viktor Kozlov in Canadiens zone.
10:25 of 2nd period - Snap shot by Viktor Kozlov.
10:25 of 2nd period - Goal by Viktor Kozlov - Canadiens : 5 - Bruins : 2.
10:26 of 2nd period - Eric Lindros wins face-off versus Viktor Kozlov in neutral zone.
10:41 of 2nd period - Wrist shot by Viktor Kozlov.
10:41 of 2nd period - Stopped by Dan Cloutier with a rebound.
11:41 of 2nd period - Slapshot by Ryan Bayda.
11:41 of 2nd period - Stopped by Dan Cloutier with a rebound.
12:11 of 2nd period - Penalty to Michal Grosek is over, Michal Grosek is back on ice.
12:11 of 2nd period - Penalty to Chris Dingman is over, Chris Dingman is back on ice.
12:27 of 2nd period - Wrist shot by Mike York.
12:27 of 2nd period - Shot Misses the Net.
12:29 of 2nd period - Backhand shot by Chris Dingman.
12:29 of 2nd period - Shot Misses the Net.
12:31 of 2nd period - Slapshot by Éric Desjardins.
12:31 of 2nd period - Deflect By Mike York.
12:31 of 2nd period - Shot Blocked by Michal Grosek.
12:31 of 2nd period - Puck is out of play.
12:32 of 2nd period - Tyler Arnason wins face-off versus Jeff Carter in Bruins zone.
12:33 of 2nd period - Snap shot by Radim Vrbata.
12:33 of 2nd period - Stopped by Dan Cloutier with a rebound.
13:21 of 2nd period - Minor Penalty to Eric Lindros for Slashing.
13:22 of 2nd period - Martin Erat wins face-off versus Tomas Plekanec in Bruins zone.
14:10 of 2nd period - Snap shot by Patrick Marleau.
14:10 of 2nd period - Deflect By Patric Hornqvist.
14:10 of 2nd period - Shot Misses the Net.
14:10 of 2nd period - Puck is out of play.
14:11 of 2nd period - Tomas Plekanec wins face-off versus Michal Grosek in Bruins zone.
14:22 of 2nd period - Slapshot by Patric Hornqvist.
14:22 of 2nd period - Stopped by Dan Cloutier with a rebound.
14:24 of 2nd period - Snap shot by Jeff Woywitka.
14:24 of 2nd period - Shot Blocked by Ryan O'Byrne.
14:36 of 2nd period - Snap shot by Wojtek Wolski.
14:36 of 2nd period - Shot Blocked by Jeff Woywitka.
14:52 of 2nd period - Zdeno Chara is hit by Ryan Bayda and loses puck.
15:07 of 2nd period - Wrist shot by Viktor Kozlov.
15:07 of 2nd period - Stopped by Dan Cloutier with a rebound.
15:09 of 2nd period - Backhand shot by Marek Svatos.
15:09 of 2nd period - Goal by Marek Svatos - Canadiens : 6 - Bruins : 2.
15:10 of 2nd period - Jeff Carter wins face-off versus Tomas Plekanec in neutral zone.
15:18 of 2nd period - Minor Penalty to Patric Hornqvist for Goalie Interference.
15:19 of 2nd period - Eric Lindros wins face-off versus Tomas Plekanec in Canadiens zone.
15:32 of 2nd period - Backhand shot by Eric Lindros.
15:32 of 2nd period - Shot Misses the Net.
15:34 of 2nd period - Slapshot by Andrew Alberts.
15:34 of 2nd period - Deflect By Michel Ouellet.
15:34 of 2nd period - Stopped by Kari Lehtonen without a rebound.
15:35 of 2nd period - Daniel Briere wins face-off versus Tomas Plekanec in Canadiens zone.
15:48 of 2nd period - Snap shot by Wojtek Wolski.
15:48 of 2nd period - Stopped by Kari Lehtonen with a rebound.
15:50 of 2nd period - Wrist shot by Andrew Alberts.
15:50 of 2nd period - Deflect By Daniel Briere.
15:50 of 2nd period - Shot Blocked by Ossi Vaananen.
15:50 of 2nd period - Puck is out of play.
15:51 of 2nd period - Tomas Plekanec wins face-off versus Jeff Carter in Canadiens zone.
16:24 of 2nd period - Wrist shot by Andrew Alberts.
16:24 of 2nd period - Stopped by Kari Lehtonen with a rebound.
16:26 of 2nd period - Snap shot by Zdeno Chara.
16:26 of 2nd period - Shot Misses the Net.
16:30 of 2nd period - Snap shot by Wojtek Wolski.
16:30 of 2nd period - Shot Blocked by Ossi Vaananen.
17:14 of 2nd period - Jeff Carter is hit by Ossi Vaananen and loses puck.
17:18 of 2nd period - Penalty to Patric Hornqvist is over, Patric Hornqvist is back on ice.
17:25 of 2nd period - Ryan O'Byrne is hit by Nicklas Lidstrom and loses puck.
17:58 of 2nd period - Patrick Marleau is hit by Christoph Schubert.
18:08 of 2nd period - Backhand shot by Michal Grosek.
18:08 of 2nd period - Shot Misses the Net.
18:30 of 2nd period - Snap shot by Radim Vrbata.
18:30 of 2nd period - Deflect By Tyler Arnason.
18:30 of 2nd period - Shot Misses the Net.
18:30 of 2nd period - Puck is out of play.
18:31 of 2nd period - Jeff Carter wins face-off versus Tyler Arnason in Bruins zone.
18:46 of 2nd period - Jeff Carter is hit by Tyler Arnason and loses puck.
19:43 of 2nd period - Andrew Alberts is hit by Éric Desjardins and loses puck.
3rd period
0:01 of 3rd period - Marek Svatos wins face-off versus Eric Lindros in neutral zone.
0:14 of 3rd period - Slapshot by Zdeno Chara.
0:14 of 3rd period - Shot Blocked by Nicklas Lidstrom.
0:16 of 3rd period - Slapshot by Eric Lindros.
0:16 of 3rd period - Stopped by Kari Lehtonen with a rebound.
0:26 of 3rd period - Patrick Marleau is hit by Victor Oreskovich and loses puck.
0:35 of 3rd period - Snap shot by Tomas Plekanec.
0:35 of 3rd period - Shot Misses the Net.
0:53 of 3rd period - Snap shot by Ryan Bayda.
0:53 of 3rd period - Shot Blocked by Zdeno Chara.
0:55 of 3rd period - Wrist shot by Tyler Arnason.
0:55 of 3rd period - Goal by Tyler Arnason - Canadiens : 7 - Bruins : 2.
0:56 of 3rd period - Viktor Kozlov wins face-off versus Eric Lindros in neutral zone.
0:58 of 3rd period - Off-side.
0:59 of 3rd period - Wojtek Wolski wins face-off versus Viktor Kozlov in neutral zone.
1:33 of 3rd period - Off-side.
1:34 of 3rd period - Eric Lindros wins face-off versus Tomas Plekanec in neutral zone.
1:37 of 3rd period - Tomas Plekanec is hit by Eric Lindros and loses puck.
1:51 of 3rd period - Minor Penalty to Tomas Plekanec for High sticking.
1:52 of 3rd period - Eric Lindros wins face-off versus Michel Ouellet in Canadiens zone.
2:33 of 3rd period - Marek Svatos is hit by Wojtek Wolski and loses puck.
3:28 of 3rd period - Ossi Vaananen is hit by Eric Lindros and loses puck.
3:46 of 3rd period - Icing by Andrew Alberts.
3:47 of 3rd period - Marek Svatos wins face-off versus Jeff Carter in Bruins zone.
3:48 of 3rd period - Snap shot by Michel Ouellet.
3:48 of 3rd period - Deflect By Jeff Carter.
3:48 of 3rd period - Goal by Michel Ouellet - Canadiens : 8 - Bruins : 2.
3:48 of 3rd period - Evgeni Nabokov enters game.
3:49 of 3rd period - Marek Svatos wins face-off versus Eric Lindros in neutral zone.
3:51 of 3rd period - Penalty to Tomas Plekanec is over, Tomas Plekanec is back on ice.
4:18 of 3rd period - Jeff Carter is hit by Tomas Plekanec and loses puck.
4:23 of 3rd period - Wrist shot by Tomas Plekanec.
4:23 of 3rd period - Shot Misses the Net.
4:25 of 3rd period - Slapshot by Tomas Plekanec.
4:25 of 3rd period - Stopped by Evgeni Nabokov with a rebound.
4:47 of 3rd period - Vitali Yachmenev is hit by Ryan Bayda and loses puck.
5:20 of 3rd period - Slapshot by Wojtek Wolski.
5:20 of 3rd period - Shot Misses the Net.
5:22 of 3rd period - Slapshot by Zdeno Chara.
5:22 of 3rd period - Stopped by Kari Lehtonen with a rebound.
5:34 of 3rd period - Snap shot by Patric Hornqvist.
5:34 of 3rd period - Shot Misses the Net.
5:36 of 3rd period - Snap shot by Tomas Plekanec.
5:36 of 3rd period - Stopped by Evgeni Nabokov without a rebound.
5:37 of 3rd period - Éric Perrin wins face-off versus Tomas Plekanec in Bruins zone.
5:56 of 3rd period - Wrist shot by Patric Hornqvist.
5:56 of 3rd period - Goal by Patric Hornqvist - Canadiens : 9 - Bruins : 2.
5:57 of 3rd period - Eric Lindros wins face-off versus Viktor Kozlov in neutral zone.
6:20 of 3rd period - Snap shot by Scott Hartnell.
6:20 of 3rd period - Shot Misses the Net.
7:12 of 3rd period - Snap shot by Mike York.
7:12 of 3rd period - Shot Hit the Post.
7:22 of 3rd period - Radim Vrbata is hit by Victor Oreskovich.
8:05 of 3rd period - Off-side.
8:06 of 3rd period - Jamie Lundmark wins face-off versus Victor Oreskovich in neutral zone.
8:12 of 3rd period - Slapshot by Nicklas Lidstrom.
8:12 of 3rd period - Deflect By Chris Dingman.
8:12 of 3rd period - Stopped by Evgeni Nabokov with a rebound.
10:10 of 3rd period - Wrist shot by Tomas Plekanec.
10:10 of 3rd period - Shot Misses the Net.
10:17 of 3rd period - Icing by Zdeno Chara.
10:18 of 3rd period - Wojtek Wolski wins face-off versus Tyler Arnason in Bruins zone.
10:23 of 3rd period - Ryan Bayda is hit by Zdeno Chara and loses puck.
11:18 of 3rd period - Snap shot by Scott Hartnell.
11:18 of 3rd period - Deflect By Jeff Carter.
11:18 of 3rd period - Stopped by Kari Lehtonen with a rebound.
11:20 of 3rd period - Slapshot by Zdeno Chara.
11:20 of 3rd period - Stopped by Kari Lehtonen without a rebound.
11:21 of 3rd period - Viktor Kozlov wins face-off versus Eric Lindros in Canadiens zone.
11:53 of 3rd period - Wrist shot by Patrick Marleau.
11:53 of 3rd period - Shot Misses the Net.
11:55 of 3rd period - Snap shot by Patric Hornqvist.
11:55 of 3rd period - Shot Blocked by Richard Lintner.
12:11 of 3rd period - Radim Vrbata is hit by Richard Lintner.
12:21 of 3rd period - Wrist shot by Jeff Carter.
12:21 of 3rd period - Stopped by Kari Lehtonen without a rebound.
12:22 of 3rd period - Jamie Lundmark wins face-off versus Jeff Carter in Canadiens zone.
12:32 of 3rd period - Snap shot by Jeff Woywitka.
12:32 of 3rd period - Shot Blocked by Jeff Carter.
12:34 of 3rd period - Wrist shot by Michel Ouellet.
12:34 of 3rd period - Shot Blocked by Ryan O'Byrne.
12:48 of 3rd period - Christoph Schubert is hit by Patrick Marleau and loses puck.
12:53 of 3rd period - Slapshot by Tomas Plekanec.
12:53 of 3rd period - Stopped by Evgeni Nabokov without a rebound.
12:54 of 3rd period - Eric Lindros wins face-off versus Tomas Plekanec in Bruins zone.
13:06 of 3rd period - Slapshot by Éric Desjardins.
13:06 of 3rd period - Shot Hit the Post.
13:08 of 3rd period - Wrist shot by Éric Desjardins.
13:08 of 3rd period - Shot Misses the Net.
13:10 of 3rd period - Snap shot by Nicklas Lidstrom.
13:10 of 3rd period - Shot Blocked by Wojtek Wolski.
13:12 of 3rd period - Snap shot by Nicklas Lidstrom.
13:12 of 3rd period - Shot Misses the Net.
13:14 of 3rd period - Snap shot by Éric Desjardins.
13:14 of 3rd period - Stopped by Evgeni Nabokov without a rebound.
13:14 of 3rd period - Eric Lindros and Patric Hornqvist fight to a draw.
13:14 of 3rd period - Penalty to Eric Lindros for Fighting.
13:14 of 3rd period - Penalty to Patric Hornqvist for Fighting.
13:14 of 3rd period - Penalty to Eric Lindros for instigated a fight.
13:14 of 3rd period - Penalty to Eric Lindros for instigated a fight.
13:15 of 3rd period - Martin Erat wins face-off versus Tomas Plekanec in Bruins zone.
13:22 of 3rd period - Wrist shot by Mike York.
13:22 of 3rd period - Stopped by Evgeni Nabokov with a rebound.
13:24 of 3rd period - Wrist shot by Mike York.
13:24 of 3rd period - Shot Misses the Net.
13:26 of 3rd period - Wrist shot by Mike York.
13:26 of 3rd period - Stopped by Evgeni Nabokov with a rebound.
13:52 of 3rd period - Snap shot by Ryan Bayda.
13:52 of 3rd period - Shot Misses the Net.
13:54 of 3rd period - Snap shot by Viktor Kozlov.
13:54 of 3rd period - Stopped by Evgeni Nabokov with a rebound.
13:56 of 3rd period - Slapshot by Jeff Woywitka.
13:56 of 3rd period - Stopped by Evgeni Nabokov without a rebound.
13:57 of 3rd period - Martin Erat wins face-off versus Tomas Plekanec in Bruins zone.
14:12 of 3rd period - Ryan O'Byrne is hit by Mike York and loses puck.
14:23 of 3rd period - Marek Svatos is hit by Michal Grosek and loses puck.
14:30 of 3rd period - Slapshot by Matt Carle.
14:30 of 3rd period - Shot Misses the Net.
14:32 of 3rd period - Snap shot by Viktor Kozlov.
14:32 of 3rd period - Stopped by Evgeni Nabokov with a rebound.
15:14 of 3rd period - Penalty to Eric Lindros is over, Daniel Briere is send on ice.
15:31 of 3rd period - Slapshot by Zdeno Chara.
15:31 of 3rd period - Deflect By Ryan Bayda.
15:31 of 3rd period - Stopped by Kari Lehtonen with a rebound.
16:11 of 3rd period - Snap shot by Mike York.
16:11 of 3rd period - Stopped by Evgeni Nabokov with a rebound.
16:13 of 3rd period - Snap shot by Tyler Sloan.
16:13 of 3rd period - Deflect By Marek Svatos.
16:13 of 3rd period - Shot Blocked by Richard Lintner.
16:13 of 3rd period - Puck is out of play.
16:14 of 3rd period - Vitali Yachmenev wins face-off versus Viktor Kozlov in Bruins zone.
16:19 of 3rd period - Viktor Kozlov is hit by Daniel Briere.
16:39 of 3rd period - Ryan Bayda is hit by Dave Bolland.
16:45 of 3rd period - Slapshot by Matt Carle.
16:45 of 3rd period - Shot Misses the Net.
16:47 of 3rd period - Wrist shot by Tyler Arnason.
16:47 of 3rd period - Shot Blocked by Ryan O'Byrne.
16:49 of 3rd period - Snap shot by Tyler Arnason.
16:49 of 3rd period - Shot Misses the Net.
17:05 of 3rd period - Christoph Schubert is hit by Jeff Woywitka and loses puck.
18:11 of 3rd period - Minor Penalty to Zdeno Chara for Hooking.
18:12 of 3rd period - Martin Erat wins face-off versus Tomas Plekanec in Bruins zone.
18:14 of 3rd period - Penalty to Eric Lindros is over, Daniel Briere is send on ice.
18:40 of 3rd period - Off-side.
18:41 of 3rd period - Viktor Kozlov wins face-off versus Martin Erat in neutral zone.
19:15 of 3rd period - Slapshot by Dave Bolland.
19:15 of 3rd period - Shot Misses the Net.
19:17 of 3rd period - Snap shot by Dave Bolland.
19:17 of 3rd period - Stopped by Kari Lehtonen with a rebound.
19:45 of 3rd period - Slapshot by Daniel Briere.
19:45 of 3rd period - Stopped by Kari Lehtonen without a rebound.
19:46 of 3rd period - Daniel Briere wins face-off versus Viktor Kozlov in Canadiens zone.
19:47 of 3rd period - Slapshot by Scott Hartnell.
19:47 of 3rd period - Stopped by Kari Lehtonen with a rebound.
Output by the SimonT Hockey Simulator (STHS) for François Prévost -- Original Page W3C XHTML 1.0 Valid